 Dungeon Crawl Stone Soup version 0.28-a0-1404-g4df0f3684d (webtiles) character file.

Game seed: 8901573307093244319

14 eustatius the Skirmisher (level 2, 0/25 HPs)
             Began as a Djinni Cinder Acolyte on Jan 6, 2022.
             Was a High Priest of Ignis.
             Slain by a jackal (3 damage)
             ... on level 1 of the Dungeon.
             The game lasted 00:03:08 (688 turns).

eustatius the Skirmisher (Djinni Cinder Acolyte)     Turns: 688, Time: 00:03:08

Health: 0/25       AC:  2    Str: 13    XL:     2   Next: 55%
Gold:   11         EV: 11    Int: 15    God:    Ignis [*****.] SH:  0 Dex:  8

rFire   + + +      SeeInvis .   d - +2 short sword (flame)
rCold   x . .      Faith    .   (no shield)
rNeg    . . .      Spirit   .   b - +0 robe
rPois   ∞          Reflect  .   (no helmet)
rElec   .          Harm     .   (no cloak)
rCorr   .          Rampage  .   (no gloves)
Will    .....                   (boots unavailable)
Stlth   +.........              (no amulet)
HPRegen 0.08/turn               (no ring)
MPRegen 0.00/turn               (no ring)

@: flying
A: sickness immunity, fire resistance 2, cold vulnerability 1, float, innate
caster, hp casting, extra vitality 1
a: Renounce Religion, Fiery Armour, Foxfire Swarm, Rising Flame


You were on level 1 of the Dungeon.
You worshipped Ignis.
Ignis was extremely pleased with you.
You visited 1 branch of the dungeon, and saw 1 of its levels.

You collected 11 gold pieces.

Inventory:

Hand Weapons
 a - a -1 falchion of flaming
 d - a +2 short sword of flaming (weapon)
Missiles
 e - 2 stones
 f - 15 sling bullets
Armour
 b - a +0 robe (worn)
Scrolls
 h - a scroll of immolation {unknown}
Potions
 c - a potion of curing {unknown}
 g - a potion of heal wounds {unknown}


   Skills:
 - Level 3.0 Fighting
 * Level 0.3(1.8) Short Blades
 - Level 3.0 Long Blades
 * Level 0.8 Dodging
 + Level 2.5 Spellcasting


You had 4 spell levels left.
You knew the following spells:

 Your Spells              Type           Power      Damage    Failure   Level
a - Scorch                Fire           18%        2d5       11%         2
Your spell library was empty.

Dungeon Overview and Level Annotations

Branches:
Dungeon (1/15)

Altars:


Innate Abilities, Weirdness & Mutations

You are immune to sickness and miasma.
You are immune to poison.
Your flesh is very heat resistant. (rF++)
You are vulnerable to cold. (rC-)
You float through the air rather than walking.
You learn spells naturally, not from books.
Your magical power is your life essence.
You have superior vitality. (+4 MHP)


Message History

The quokka closely misses you.
You completely miss the quokka.
The quokka is moderately wounded.
The quokka bites you but does no damage.
The quokka closely misses you.
You hit the quokka. You burn the quokka.
You kill the quokka!
You see here a ball python corpse.
A hobgoblin comes into view.
The hobgoblin shouts!
You hit the hobgoblin. You burn the hobgoblin.
You kill the hobgoblin!
A goblin comes into view. It is wielding a +0 dagger.
The goblin shouts!
You hear a shout! 2 jackals, a giant cockroach and 2 hobgoblins come into view.
Found 11 gold pieces.
The hobgoblin shouts! x2; The jackal barks!
The hobgoblin moves out of view.
The giant cockroach moves out of view.
Found a scale mail.
The goblin misses you. The goblin hits you with a +0 dagger.
You miss the jackal. The goblin closely misses you.
The jackal closely misses you. x2
You hit the jackal. You burn the jackal.
The jackal is moderately wounded.
The jackal bites you. The goblin hits you with a +0 dagger.
The jackal closely misses you. The jackal bites you. The hobgoblin hits you.
You closely miss the jackal.
The jackal is moderately wounded.
The goblin hits you with a +0 dagger. The jackal bites you.
* * * LOW HITPOINT WARNING * * *
The jackal barely misses you. The hobgoblin barely misses you.
The goblin hits you with a +0 dagger.
* * * LOW HITPOINT WARNING * * *
The hobgoblin hits you.
* * * LOW HITPOINT WARNING * * *
A kobold comes into view. It is wielding a +0 club.
There are monsters nearby!
The goblin closely misses you. The jackal bites you.
You die...

# #..............####### #
.........##.##.#.........
.#.###.#...##...###.#######
.# #.....##.##.#.## .#
#.#......###.## .#
#.#.##.### #.# .
..#..#####.#### .
...........g.g.######.
###..#...@hhBg.......
#.###.##.....K.# #
#.##....##.# #.##.....#
#.#........ #...$......#
............ ###
....[......# #.. #.#


You could see 2 jackals, a giant cockroach, 2 hobgoblins and a goblin.

Vanquished Creatures
  A dart slug (D:1)
  A bat (D:1)
  An endoplasm (D:1)
  2 hobgoblins (D:1)
  A kobold (D:1)
  A quokka (D:1)
  3 ball pythons (D:1)
  A frilled lizard (D:1)
11 creatures vanquished.

Notes
Turn   | Place    | Note
-------+----------+-------------------------------------------
     0 | D:1      | eustatius the Djinni Cinder Acolyte began the quest for the
                  | Orb.
     0 | D:1      | Reached XP level 1. HP: 20/20 MP: 0/0
   130 | D:1      | Reached XP level 2. HP: 8/25 MP: 0/0
   688 | D:1      | Slain by a jackal

Illustrated notes

Levels and vault maps discovered:
D:1:      ncdulo_wetmaze, layout_loops_ring, minmay_split_cup_large

Skill      XL: |  1 |
---------------+----+-----
Long Blades    | 3 |  3.0
Fighting       | |  3.0
Short Blades   | |  0.3
Dodging        | |  0.8
Spellcasting   | |  2.5

Action                   || total
-------------------------++-------
Melee: Falchion          ||    14
       Short sword       ||    26
Armor: Robe              ||     3
Dodge: Dodged            ||    31

Table legend: (Time is in decaauts)
 A = Elapsed time spent in this place.
 B = Non-inter-level travel time spent in this place.
 C = Inter-level travel time spent in this place.
 D = Time resting spent in this place.
 E = Time spent auto-exploring this place.
 F = Levels seen in this place.
 G = Mean time per level.
                   A        B        C        D        E       F      G
               +--------+--------+--------+--------+--------+-----+--------+
         Total |    690 |    632 |     58 |    202 |    274 |   1 |  690.0 |
       Dungeon |    690 |    632 |     58 |    202 |    274 |   1 |  690.0 |
               +--------+--------+--------+--------+--------+-----+--------+

Top non-repeatable levels by time:
     D:1: 690 daAuts
